 Seeded DCSS version 0.30.1-3-gfc49f6343a (webtiles) character file.

Game seed: 6351066067085065685 (custom seed)

16 Esekla the Grave Robber (level 2, 0/15 HPs)
             Began as a Deep Elf Necromancer on July 26, 2023.
             Was an Initiate of Vehumet.
             Succumbed to an adder's poison
             ... on level 3 of the Dungeon.
             The game lasted 00:07:26 (919 turns).

Esekla the Grave Robber (Deep Elf Necromancer)       Turns: 919, Time: 00:07:27

Health: 0/15       AC:  4    Str:  5    XL:     2   Next: 37%
Magic:  8/8        EV: 12    Int: 19    God:    Vehumet [......]
Gold:   107        SH:  0    Dex: 15    Spells: 6/7 levels left

rFire   . . .        c - +0 short sword
rCold   . . .        (no shield)
rNeg    . . .        a - +0 robe
rPois   .            k - +0 helmet
rElec   .            (no cloak)
rCorr   .            i - +0 pair of gloves
SInv    .            (no boots)
Will    .....        (no amulet)
Stlth   ++           (no ring)
HPRegen 0.22/turn    (no ring)
MPRegen 0.11/turn

%: no passive effects
@: lethally poisoned (0 -> -5), attractive
A: talons 1, screaming 1, MP-powered wands
a: Renounce Religion


You were on level 3 of the Dungeon.
You worshipped Vehumet.
Vehumet was noncommittal.
You visited 1 branch of the dungeon, and saw 4 of its levels.

You collected 107 gold pieces.

Inventory:

Hand Weapons
 c - a +0 short sword (weapon)
Armour
 a - a +0 robe (worn)
 i - a +0 pair of gloves (worn)
 k - a +0 helmet (worn)
Scrolls
 e - a scroll of fear {unknown}
 f - a scroll of identify {unknown}
 l - 2 scrolls of enchant weapon {unknown}
 m - a scroll of amnesia {unknown}
 n - a scroll of enchant armour {unknown}
Potions
 b - a potion of magic
 g - a potion of attraction


   Skills:
 + Level 0.5 Short Blades
 * Level 2.6 Dodging
 + Level 2.6 Stealth
 * Level 3.1 Spellcasting
 + Level 5.2 Necromancy


You had 6 spell levels left.
You knew the following spells:

 Your Spells              Type           Power      Damage    Failure   Level
a - Necrotise             Necr           88%        1d8       1%          1

Your spell library contained the following spells:

 Spells                   Type           Power      Damage    Failure   Level
 Vampiric Draining        Necr           22%        2d7       5%          3
 Animate Dead             Necr           22%        N/A       17%         4
 Agony                    Necr           22%        N/A       43%         5


Dungeon Overview and Level Annotations

Branches:
Dungeon (4/15)
 Temple: D:4-7

Altars:
Okawaru
Qazlal
Trog
Vehumet
Zin
The Shining One

Shops:
D:4 (


Innate Abilities, Weirdness & Mutations

You have sharp toenails.
You occasionally shout uncontrollably at your foes.
You expend magic power (3 MP) to strengthen your wands.


Message History

You feel sick. The adder bites you.
You closely miss the adder.
The adder is moderately wounded.
The adder closely misses you. The adder bites you but does no damage.
You closely miss the adder.
The adder is moderately wounded.
You feel sick. The adder bites you but does no damage.
You closely miss the adder.
The adder is moderately wounded.
You feel sick. The adder closely misses you.
You hit the adder but do no damage.
The adder is moderately wounded.
You feel sick.
You are no longer poisoned.
The adder closely misses you.
You hit the adder.
The adder is heavily wounded.
The adder misses you.
You barely miss the adder.
The adder is heavily wounded.
The adder bites you.
* * * LOW HITPOINT WARNING * * *
The adder closely misses you.
It was a potion of mutation.
You feel extremely strange.
Your toenails lengthen and sharpen.
You feel the urge to shout.
You feel your magical essence link to the dungeon's wands.
The adder closely misses you.
You hit the adder but do no damage. Your kick misses the adder.
The adder is heavily wounded.
The adder bites you but does no damage.
You hit the adder but do no damage. Your kick misses the adder.
The adder is heavily wounded.
The adder bites you.
* * * LOW HITPOINT WARNING * * *
You are lethally poisoned!
The adder poisons you!
The hound stops to sniff the ground.
You hit the adder but do no damage. Your kick misses the adder.
The adder is heavily wounded.
You die...

#######....# #....#
#....# #....# #### #....#
##.....
###########....###......#
..........†.....h..h.._..
###########.####S##......
#.# #@# ..... #.#
#......8.. #.# ###.......
#.# #._.... #.# ......
#.# #... #.# .## .


You could see a hound and an adder.

Vanquished Creatures
  A dart slug (D:3)
  3 ball pythons (D:1)
  2 goblins
  2 bats (D:3)
  2 frilled lizards
  4 kobolds
14 creatures vanquished.

Notes
Turn   | Place    | Note
-------+----------+-------------------------------------------
     0 | D:1      | Esekla the Deep Elf Necromancer began the quest for the
                  | Orb.
     0 | D:1      | Reached XP level 1. HP: 10/10 MP: 6/6
   135 | D:1      | Reached skill level 5 in Necromancy
   248 | D:1      | Reached XP level 2. HP: 11/15 MP: 8/8
   419 | D:4      | Found a radiant altar of Vehumet.
   423 | D:4      | Became a worshipper of Vehumet
   506 | D:4      | Found a glowing golden altar of the Shining One.
   527 | D:4      | Found an iron altar of Okawaru.
   538 | D:4      | Found a glowing silver altar of Zin.
   681 | D:4      | Found Ponaysk's Antique Weapon Boutique.
   868 | D:3      | Found a stormy altar of Qazlal.
   872 | D:3      | Found a bloodstained altar of Trog.
   916 | D:3      | Gained mutation: You have sharp toenails. [potion of
                  | mutation]
   916 | D:3      | Gained mutation: You occasionally shout uncontrollably at
                  | your foes. [potion of mutation]
   916 | D:3      | Gained mutation: You expend magic power (3 MP) to
                  | strengthen your wands. [potion of mutation]
   919 | D:3      | Succumbed to an adder's poison

Illustrated notes

Levels and vault maps discovered:
D:1:      sevenhm_arrival_forest_fort_small_3, layout_rooms,
          chequers_serial_rivers_room_b, minmay_misc_feat_five
D:2:      layout_loops_ring, dreamdust_ecumenical_altar_angels_and_demons,
          serial_shops, shop
D:3:      layout_basic, grunt_temple_overflow_open, minmay_misc_feat_iff
D:4:      layout_basic, nicolae_overflow_quartered_altars, serial_shops,
          nicolae_diamond_shop

Skill      XL: |  1 |
---------------+----+-----
Necromancy     | 5 |  5.2
Short Blades   | |  0.5
Dodging        | |  2.6
Stealth        | |  2.6
Spellcasting   | |  3.1

Action                     || total
---------------------------++-------
  Melee: Short sword       ||    95
         Unarmed           ||     9
    Use: Potion            ||     4
   Stab: Sleeping          ||     2
 Armour: Robe              ||    28
  Dodge: Dodged            ||    68
